 Dungeon Crawl Stone Soup version 0.24-a0-412-ge138f7edaf (webtiles) character file.

Game seed: 12304704028696062844

119 nikopol the Firebug (level 4, -1/24 HPs)
             Began as a Deep Elf Fire Elementalist on June 6, 2019.
             Slain by a hound (3 damage)
             ... on level 4 of the Dungeon.
             The game lasted 00:04:28 (2178 turns).

nikopol the Firebug (Deep Elf Fire Elementalist)    Turns: 2178, Time: 00:04:29

Health: -1/24      AC:  2    Str:  5    XL:     4   Next: 73%
Magic:  6/12       EV: 13    Int: 21    God:
Gold:   99         SH:  0    Dex: 15    Spells: 5/11 levels left

rFire    . . .     SeeInvis .   (no weapon)
rCold    . . .     Gourm    .   (no shield)
rNeg     . . .     Faith    .   a - +0 robe
rPois    .         Spirit   .   (no helmet)
rElec    .         Reflect  .   (no cloak)
rCorr    .         Harm     .   (no gloves)
MR       .....                  (no boots)
Stlth    ++........             (no amulet)
HPRegen  0.08/turn              (no ring)
MPRegen  0.13/turn              (no ring)

@: no status effects
A: no striking features
a: no special abilities


You were on level 4 of the Dungeon.
You were not hungry.

You visited 1 branch of the dungeon, and saw 3 of its levels.

You collected 99 gold pieces.

Inventory:

Armour
 a - a +0 robe (worn)
Scrolls
 b - a scroll of teleportation {unknown}
 e - a scroll of remove curse {unknown}
 f - a scroll of identify {unknown}
 i - a scroll of amnesia {unknown}
 j - a scroll of fog {unknown}
Potions
 d - a potion of curing {unknown}
 g - a potion of heal wounds {unknown}
 h - a potion of invisibility {unknown}
 l - a potion of haste {unknown}
Comestibles
 c - 5 rations
 k - 2 chunks of flesh


   Skills:
 + Level 2.8 Dodging
 + Level 2.9 Stealth
 + Level 4.1 Spellcasting
 + Level 3.0 Conjurations
 + Level 4.2 Fire Magic


You had 5 spell levels left.
You knew the following spells:

 Your Spells              Type           Power        Failure   Level  Hunger
a - Flame Tongue          Conj/Fire      ###..        2%          1    None
b - Throw Flame           Conj/Fire      ###...       4%          2    #......
c - Conjure Flame         Conj/Fire      ###.....     8%          3    ###....

Your spell library contained the following spells:

 Spells                   Type           Power        Failure   Level  Hunger
 Inner Flame              Hex/Fire       ##......     16%         3    ###....
 Sticky Flame             Conj/Fire      ###.....     26%         4    ####...
 Fireball                 Conj/Fire      ###.......   58%         5    ######.


Dungeon Overview and Level Annotations

Branches:
Dungeon (2/15)

Altars:
Dithmenos


Message History

Aiming: Flame Tongue (safe; 3% risk of failure)
Press: ? - help, Shift-Dir - straight line, f/p - hound
Aim: a hound (severely wounded)
The flame tongue hits the hound!
You kill the hound!
Your Spellcasting skill increases to level 4!
Your Conjurations skill increases to level 3!
The hound bites you but does no damage.
An orc comes into view.
Casting: Flame Tongue (safe; 2% risk of failure)
Confirm with . or Enter, or press ? or * to list all spells.
Aiming: Flame Tongue (safe; 2% risk of failure)
Press: ? - help, Shift-Dir - straight line, f - orc
Aim: an orc, wielding a +0 short sword and wearing a +0 chain mail The flame tongue hits the orc!
You kill the orc!
The hound bites you.
* * * LOW HITPOINT WARNING * * *
The hound bites you.
You die...

.. #..#....#. ...
#........#
...##........#
.............#
.............#
.............#
#.......†h..#
#..o...o)@..#
#...########.....
#. ... .


You could see a hound and 2 orcs.

Vanquished Creatures
  A hound (D:4)
  3 gnolls (D:2)
  An adder (D:2)
  3 leopard geckos
  An orc (D:4)
  2 ball pythons (D:1)
  6 bats (D:1)
  4 giant cockroaches
  4 goblins (D:1)
  5 hobgoblins
  4 kobolds
  A quokka (D:2)
  5 frilled lizards
  7 rats
47 creatures vanquished.

Notes
Turn   | Place    | Note
-------+----------+-------------------------------------------
     0 | D:1      | nikopol the Deep Elf Fire Elementalist began the quest for
                  | the Orb.
     0 | D:1      | Reached XP level 1. HP: 10/10 MP: 6/6
   177 | D:1      | Reached XP level 2. HP: 12/15 MP: 0/8
   751 | D:1      | Reached XP level 3. HP: 19/19 MP: 5/9
  1238 | D:1      | Learned a level 2 spell: Throw Flame
  1242 | D:1      | Learned a level 3 spell: Conjure Flame
  1626 | D:2      | Found a shadowy altar of Dithmenos.
  2057 | D:2      | Reached XP level 4. HP: 24/24 MP: 5/11
  2168 | D:2      | You fall into a shaft and drop 2 floors!
  2178 | D:4      | Slain by a hound

Levels and vault maps discovered:
D:1:      eino_arrival_tree_alley, layout_basic, interstate_on_off,
          minmay_hedge_maze, minmay_misc_feat_tower, minmay_stone_trees_medium,
          dk_noncrumbling_4
D:2:      layout_basic, overflow_temple_1_default, fedhas_altar_fruit_tree
D:4:      layout_basic, kennysheep_crisscross, chequers_serial_rivers_room_a,
          minmay_checkerbox

Skill      XL: |  1  2  3  4 |
---------------+-------------+-----
Fire Magic     | 4 |  4.2
Conjurations   | 2 3 |  3.0
Spellcasting   | 4 |  4.1
Dodging        | |  2.8
Stealth        | |  2.9

Action                   |  1- 3 |  4- 6 || total
-------------------------+-------+-------++-------
 Cast: Flame Tongue      |    78 |     7 ||    85
       Throw Flame       |     4 |     2 ||     6
       Conjure Flame     |     3 |       ||     3
  Eat: Chunk             |     2 |     2 ||     4
Armor: Robe              |     7 |     1 ||     8
Dodge: Dodged            |    11 |     7 ||    18

Table legend:
 A = Non-vault XP
 B = Vault XP
 C = Vault XP percentage of total XP
 D = Non-vault monster count
 E = Vault monster count
 F = Vault count percentage of total count
                 A         B        C        D         E       F
            +---------+---------+-------+---------+---------+-------
      Total |     170 |       0 |   0.0 |      47 |       0 |   0.0
            +---------+---------+-------+---------+---------+-------
        D:1 |      50 |       0 |   0.0 |      29 |       0 |   0.0
        D:2 |      74 |       0 |   0.0 |      16 |       0 |   0.0
        D:4 |      46 |       0 |   0.0 |       2 |       0 |   0.0
            +---------+---------+-------+---------+---------+-------
